 Dungeon Crawl Stone Soup version 0.25-a0-942-g87a53962fc (webtiles) character file.

Game seed: 8036666646446190198, levelgen mode: classic

3441 Amnesiac the Destroyer (level 9, -11/47 HPs)
             Began as a Deep Elf Wizard on May 7, 2020.
             Was a Follower of Vehumet.
             Mangled by a crocodile (13 damage)
             ... on level 7 of the Dungeon.
             The game lasted 00:17:30 (8658 turns).

Amnesiac the Destroyer (Deep Elf Wizard)            Turns: 8658, Time: 00:17:30

Health: -11/47     AC:  6    Str:  3 (4)  XL:     9   Next: 77%
Magic:  6/25       EV: 14    Int: 24 (27) God:    Vehumet [*.....]
Gold:   228        SH:  0    Dex: 11 (13) Spells: 17/28 levels left

rFire    . . .     SeeInvis .   b - +1 long sword (drain)
rCold    . . .     Gourm    .   (no shield)
rNeg     . . .     Faith    .   c - +0 robe
rPois    .         Spirit   .   t - +2 hat
rElec    .         Reflect  .   G - +0 cloak
rCorr    .         Harm     .   (no gloves)
MR       .....                  g - +0 pair of boots
Stlth    ++........             (no amulet)
HPRegen  0.15/turn              (no ring)
MPRegen  0.19/turn              (no ring)

@: no status effects
A: no striking features
a: Renounce Religion


You were on level 7 of the Dungeon.
You worshipped Vehumet.
Vehumet was aware of your devotion.
You were not hungry.

You visited 2 branches of the dungeon, and saw 8 of its levels.

You collected 228 gold pieces.

Inventory:

Hand Weapons
 a - a +0 hunting sling
 b - a +1 long sword of draining (weapon)
 F - a +1 short sword of electrocution
Missiles
 i - 143 stones (quivered)
 k - 31 sling bullets
Armour
 c - a +0 robe (worn)
 g - a +0 pair of boots (worn)
 t - a +2 hat (worn)
 G - a +0 cloak (worn)
Wands
 u - a wand of paralysis (7)
 y - a wand of scattershot (5)
 H - a wand of polymorph (7)
Scrolls
 e - a scroll of identify {!r}
 f - 3 scrolls of remove curse {!r}
 h - 3 scrolls of blinking {!r}
 j - a scroll of torment {!r, unknown}
 m - 2 scrolls of enchant weapon {!r}
 n - 2 scrolls of enchant armour {!r}
 p - 2 scrolls of amnesia {!r}
 q - 3 scrolls of fog {!r}
 B - 5 scrolls of teleportation {!r}
Potions
 l - a potion of haste {!q}
 o - 4 potions of curing {!q}
 r - a potion of might {!q, unknown}
 v - a potion of flight {!q}
 z - a potion of resistance {!q}
 E - a potion of lignification {!q}
Comestibles
 d - 16 rations


   Skills:
 - Level 1.0 Fighting
 + Level 5.3 Dodging
 - Level 3.0 Stealth
 + Level 10.1 Spellcasting
 * Level 11.6 Conjurations
 - Level 1.1 Summonings
 - Level 1.1 Translocations
 - Level 3.0 Evocations


You had 17 spell levels left.
You knew the following spells:

 Your Spells              Type           Power        Failure   Level  Hunger
a - Magic Dart            Conj           ####         1%          1    None
b - Call Imp              Summ           ###.....     4%          2    None
e - Mephitic Cloud        Conj/Pois/Air  ####....     3%          3    None
s - Conjure Flame         Conj/Fire      #####...     1%          3    None
v - Blink                 Tloc           N/A          4%          2    None

Your spell library contained the following spells:

 Spells                   Type           Power        Failure   Level  Hunger
 Freeze                   Ice            ##..         5%          1    None
 Slow                     Hex            ##......     8%          2    None


Dungeon Overview and Level Annotations

Branches:
Dungeon (7/15)             Temple (1/1) D:5

Altars:
Ashenzari
Cheibriados
Dithmenos
Elyvilon
Fedhas
Gozag
Hepliaklqana
Kikubaaqudgha
Makhleb
Nemelex Xobeh
Okawaru
Qazlal
Ru
Sif Muna
Trog
Vehumet
Wu Jian
Xom
Yredelemnul
Zin


Message History

The adder barely misses you.
Casting: Magic Dart (safe; 1% risk of failure)
Confirm with . or Enter, or press ? or * to list all spells.
Aiming: Magic Dart (safe; 1% risk of failure)
Press: ? - help, Shift-Dir - straight line, f - adder
Aim: an adder The magic dart hits the adder.
The adder is heavily wounded.
The adder completely misses you.
You riposte.
You miss the adder.
The adder is heavily wounded.
Casting: Magic Dart (safe; 1% risk of failure)
Confirm with . or Enter, or press ? or * to list all spells.
Aiming: Magic Dart (safe; 1% risk of failure)
Press: ? - help, Shift-Dir - straight line, f/p - adder
Aim: an adder (heavily wounded)
The magic dart hits the adder.
The adder is almost dead.
The adder barely misses you.
Casting: Magic Dart (safe; 1% risk of failure)
Confirm with . or Enter, or press ? or * to list all spells.
Aiming: Magic Dart (safe; 1% risk of failure)
Press: ? - help, Shift-Dir - straight line, f/p - adder
Aim: an adder (almost dead)
The magic dart hits the adder.
You kill the adder!
Vehumet accepts your kill.
You can now gain magical power from killing.
Vehumet offers you knowledge of Freeze.
Casting: Magic Dart (safe; 1% risk of failure)
Confirm with . or Enter, or press ? or * to list all spells.
Aiming: Mephitic Cloud (dangerous; 3% risk of failure)
Press: ? - help, Shift-Dir - straight line, f - crocodile
Aim: a crocodile The ball explodes into a vile cloud!
The stinking cloud engulfs the crocodile but does no damage.
The crocodile is engulfed in noxious fumes.
The crocodile appears confused.
Casting: Mephitic Cloud (dangerous; 3% risk of failure)
Confirm with . or Enter, or press ? or * to list all spells.
Aiming: Magic Dart (safe; 1% risk of failure)
Press: ? - help, Shift-Dir - straight line, f/p - crocodile
Aim: a crocodile (confused)
The magic dart hits the crocodile.
The crocodile is moderately wounded.
The crocodile bites you!
* * * LOW HITPOINT WARNING * * *
Casting: Magic Dart (safe; 1% risk of failure)
Confirm with . or Enter, or press ? or * to list all spells.
Aiming: Magic Dart (safe; 1% risk of failure)
Press: ? - help, Shift-Dir - straight line, f/p - crocodile
Aim: a crocodile (moderately wounded, confused)
The magic dart hits the crocodile but does no damage.
The crocodile is moderately wounded.
The crocodile bites you!
* * * LOW HITPOINT WARNING * * *
Casting: Magic Dart (safe; 1% risk of failure)
Confirm with . or Enter, or press ? or * to list all spells.
Aiming: Magic Dart (safe; 1% risk of failure)
Press: ? - help, Shift-Dir - straight line, f/p - crocodile
Aim: a crocodile (moderately wounded, confused)
The magic dart hits the crocodile!
The crocodile is heavily wounded.
The crocodile bites you!
You die...

#.# #...# #.#.# #.#.##
..?. # ..#..# #### #
#.###.## # ###.. #..### #
####...# .##...#### #
####....###°..###.(..####
# .....)..@t†○# ####.....
#
###....###...###....####
# ####...##.##...#### #
###).# #..### ###
##.###.## ..# ..#..#..#
#.#... ..# #.##.#.##
#.#..# ..# #.##.#.#
#.#..# >.# #.##...#
#.#..#


You could see a crocodile (confused).

Vanquished Creatures
  Harold (D:7)
  An ugly thing (D:7)
  2 hippogriffs (D:7)
  Sigmund (D:5)
  Menkaure (D:5)
  An orc warrior (D:7)
  A hornet zombie (D:6)
  A sky beast (D:6)
  An ogre (D:4)
  An ice beast (D:5)
  2 centaurs
  3 bullfrogs (D:6)
  A scorpion (D:6)
  A howler monkey (D:6)
  A crimson imp (D:7)
  3 hounds
  2 centaur skeletons
  A jelly (D:6)
  2 orc wizards
  2 iguanas
  2 worker ants
  2 hound skeletons
  A worker ant zombie (D:7)
  Robin (D:2)
  11 gnolls
  7 adders
  2 shadow imps
  2 oozes
  2 worms
  2 leopard geckos
  14 orcs
  6 giant cockroaches
  11 goblins
  7 hobgoblins
  12 jackals
  4 quokkas
  A ball python (D:2)
  11 bats
  4 frilled lizards
  2 jackal skeletons
  5 kobolds
  A quokka skeleton (D:5)
  3 quokka zombies
  6 rats
148 creatures vanquished.

Vanquished Creatures (collateral kills)
  Terence (D:2)
1 creature vanquished.

Vanquished Creatures (others)
  An ogre (D:7)
  A worker ant (D:6)
2 creatures vanquished.

Grand Total: 151 creatures vanquished

Notes
Turn   | Place    | Note
-------+----------+-------------------------------------------
     0 | D:1      | Amnesiac the Deep Elf Wizard began the quest for the Orb.
     0 | D:1      | Reached XP level 1. HP: 10/10 MP: 7/7
   255 | D:2      | Found a sparkling altar of Nemelex Xobeh.
   255 | D:2      | Found an opulent altar of Gozag.
   255 | D:2      | Noticed Terence
   323 | D:2      | Reached XP level 2. HP: 15/15 MP: 1/9
   330 | D:2      | Reached skill level 2 in Conjurations
   337 | D:2      | Learned a level 2 spell: Blink
   340 | D:2      | Learned a level 2 spell: Call Imp
   477 | D:2      | Noticed Robin
  1135 | D:1      | Reached XP level 3. HP: 19/19 MP: 9/11
  1140 | D:1      | Learned a level 3 spell: Conjure Flame
  1144 | D:1      | Learned a level 3 spell: Mephitic Cloud
  1312 | D:1      | Reached skill level 3 in Conjurations
  1883 | D:2      | Killed Robin
  1899 | D:2      | Reached skill level 4 in Conjurations
  1899 | D:2      | Reached XP level 4. HP: 24/24 MP: 0/12
  2236 | D:2      | Killed Terence
  2983 | D:4      | Reached skill level 1 in Evocations
  2994 | D:4      | Reached XP level 5. HP: 25/28 MP: 0/13
  3582 | D:3      | Found a faded altar of an unknown god.
  3882 | D:4      | Reached skill level 5 in Conjurations
  3960 | D:4      | Reached XP level 6. HP: 32/32 MP: 9/15
  4086 | D:4      | Reached skill level 5 in Spellcasting
  4346 | D:4      | Found a burning altar of Makhleb.
  4555 | D:5      | Entered Level 5 of the Dungeon
  4561 | D:5      | Reached skill level 6 in Conjurations
  4866 | D:5      | Noticed an ice beast
  4903 | D:5      | Killed an ice beast
  4903 | D:5      | Reached XP level 7. HP: 30/36 MP: 3/17
  5109 | D:5      | Found a shadowy altar of Dithmenos.
  5109 | D:5      | Found a white marble altar of Elyvilon.
  5114 | D:5      | Found a snail-covered altar of Cheibriados.
  5234 | D:5      | Noticed Sigmund
  5499 | D:5      | Found a bloodstained altar of Trog.
  5555 | D:5      | Killed Sigmund
  5555 | D:5      | Reached skill level 7 in Conjurations
  5799 | D:5      | Found a staircase to the Ecumenical Temple.
  5808 | Temple   | Entered the Ecumenical Temple
  5866 | Temple   | Became a worshipper of Vehumet
  6130 | D:6      | Reached skill level 8 in Conjurations
  6130 | D:6      | Reached XP level 8. HP: 31/41 MP: 16/20
  6141 | D:5      | Noticed Menkaure
  6147 | D:5      | Killed Menkaure
  6148 | D:5      | Found a glowing silver altar of Zin.
  6199 | D:6      | Reached skill level 9 in Conjurations
  7009 | D:6      | Found a shattered altar of Ashenzari.
  7258 | D:7      | Noticed a hippogriff
  7272 | D:7      | Killed a hippogriff
  7272 | D:7      | Reached skill level 10 in Conjurations
  7328 | D:7      | Noticed Harold
  7357 | D:7      | Killed Harold
  7357 | D:7      | Reached skill level 1 in Fighting
  7357 | D:7      | Reached XP level 9. HP: 15/47 MP: 6/24
  7909 | D:7      | Noticed a purple ugly thing
  7932 | D:7      | Killed a purple ugly thing
  7932 | D:7      | Reached skill level 11 in Conjurations
  8086 | D:7      | Reached skill level 5 in Dodging
  8086 | D:7      | Reached skill level 10 in Spellcasting
  8653 | D:7      | Reached * piety under Vehumet
  8653 | D:7      | Offered knowledge of Freeze by Vehumet.
  8657 | D:7      | HP: 2/47 [crocodile (12)]
  8658 | D:7      | Mangled by a crocodile

Levels and vault maps discovered:
D:1:      arrival_zaba_pyramid, layout_basic, minmay_hexomino_p4
D:2:      layout_basic, grunt_temple_overflow_opulence, uniq_terence, uniq_robin
D:3:      layout_basic, chequers_ecumenical_altar_grove,
          hangedman_feature_mirror, kennysheep_decorative_pillar
D:4:      layout_basic, makhleb_blood_cavern_becter
D:5:      lemuel_upstairs_altar, layout_basic, minitemple, temple_hall,
          first_ration, trog_three_pillars_becter, uniq_menkaure, uniq_sigmund
D:6:      layout_rooms, nicolae_ashenzari_panopticon
D:7:      minmay_general_purpose_star, layout_loops_ring, serial_shops,
          nicolae_shop_behind_doors, basic_altar, grunt_ogre_cave, uniq_harold
Temple:   dshaligram_water_room_temple

Skill      XL: |  1  2  3  4  5  6  7  8  9 |
---------------+----------------------------+-----
Conjurations   | 2 4 5 6 8 10 11 | 11.6
Stealth        | 3 |  3.0
Evocations     | 2 3 |  3.0
Dodging        | 3 4 5 |  5.3
Spellcasting   | 5 7 9 10 | 10.1
Fighting       | 1 |  1.0
Summonings     | |  1.1
Translocations | |  1.1

Action                   |  1- 3 |  4- 6 |  7- 9 || total
-------------------------+-------+-------+-------++-------
Melee: Short sword       |     1 |    14 |     2 ||    17
       Long sword        |       |       |    11 ||    11
 Fire: Hunting sling     |     7 |       |       ||     7
 Cast: Magic Dart        |    80 |   150 |   214 ||   444
       Call Imp          |       |     6 |       ||     6
       Mephitic Cloud    |       |     2 |    13 ||    15
       Conjure Flame     |       |     1 |     9 ||    10
       Blink             |       |       |     3 ||     3
Evoke: Wand              |       |       |     2 ||     2
  Use: Potion            |       |       |    10 ||    10
       Scroll            |       |       |    10 ||    10
 Stab: Sleeping          |       |       |     1 ||     1
       Paralysed         |       |       |     4 ||     4
  Eat: Chunk             |     3 |     8 |     7 ||    18
       Ration            |       |       |     2 ||     2
Armor: Robe              |     4 |     8 |    16 ||    28
Dodge: Dodged            |    11 |    24 |    45 ||    80
       Rpst.: Long sword |       |       |     8 ||     8

Table legend:
 A = Non-vault XP
 B = Vault XP
 C = Vault XP percentage of total XP
 D = Non-vault monster count
 E = Vault monster count
 F = Vault count percentage of total count
                 A         B        C        D         E       F
            +---------+---------+-------+---------+---------+-------
      Total |    3102 |    1814 |  36.9 |     121 |      30 |  19.9
            +---------+---------+-------+---------+---------+-------
        D:1 |      44 |       7 |  13.7 |      26 |       4 |  13.3
        D:2 |      23 |      54 |  70.1 |       5 |      14 |  73.7
        D:3 |      31 |       6 |  16.2 |      13 |       4 |  23.5
        D:4 |     414 |      45 |   9.8 |      21 |       1 |   4.5
        D:5 |     442 |     392 |  47.0 |      22 |       2 |   8.3
        D:6 |     907 |       0 |   0.0 |      18 |       0 |   0.0
        D:7 |    1241 |    1310 |  51.4 |      16 |       5 |  23.8
            +---------+---------+-------+---------+---------+-------
